Map: Pylon LE

Players

Santiaga - Winner!

  • Race: Terran Terran
  • League: Diamond
  • Spawn Location: 5:00

ManlyManMeat

  • Race: Zerg Zerg
  • League: Diamond
  • Spawn Location: 11:00

VOD

Have the link to the VOD?

Description

Time

  • Played on: July 13, 2025, 3:20 p.m.
  • Length: 12:05
Show
View Real Time Build Order
Export as new Build Order

Santiaga Terran - Winner!

Build Orders: Reaper Expand, Hellion Banshee 

Get SALT Encoding   

  12  0:00  SCV  
  13  0:12  SCV  
  14  0:17  Supply Depot  
  14  0:27  SCV  
  15  0:39  SCV  
  15  0:40  Barracks  
  16  0:45  Refinery  
  16  0:51  SCV  
  17  1:03  SCV  
  18  1:15  SCV  
  19  1:28  Orbital Command  
  19  1:29  Reaper  
  20  1:42  Command Center  
  20  1:52  Supply Depot  
  20  1:55  SCV  
  20  2:01  Marine  
  22  2:07  SCV  
  23  2:16  Factory  
  23  2:19  SCV  
  24  2:31  SCV  
  25  2:43  Command Center  
  25  2:45  SCV  
  25  2:46  Barracks Reactor  
  26  2:55  Orbital Command  
  26  3:06  SCV  
  26  3:09  Refinery  
  27  3:16  Starport  
  27  3:20  SCV  
  28  3:28  SCV  
  28  3:31  Barracks Tech Lab  
  28  3:32  Hellion x2, SCV  
  34  3:40  Supply Depot  
  34  3:41  SCV  
  35  3:44  SCV  
  36  3:53  SCV  
  37  3:56  SCV  
  37  3:59  Hellion x2  
  42  4:05  Cloaking Field, Banshee, SCV  
  42  4:08  SCV  
  48  4:10  Orbital Command  
  48  4:15  Barracks Tech Lab  
  47  4:17  SCV  
  47  4:20  SCV  
  47  4:21  Supply Depot  
  49  4:29  SCV  
  50  4:32  SCV  
  50  4:33  Engineering Bay  
  50  4:34  Engineering Bay  
  50  4:38  Barracks x2  
  48  4:47  Hellion x2  
  48  4:48  Banshee  
  48  4:49  Supply Depot  
  55  4:55  SCV x2  
  55  4:56  SCV  
  55  4:59  Refinery x2  
  58  5:06  Terran Infantry Armor Level 1, Terran Infantry Weapons Level 1  
  58  5:19  SCV x3  
  61  5:23  Factory Reactor  
  61  5:32  Barracks Reactor, SCV x2  
  61  5:33  Barracks  
  61  5:34  Barracks Reactor  
  64  5:37  Barracks  
  64  5:40  Orbital Command, Marine  
  64  5:44  Stimpack  
  64  5:52  Supply Depot x2  
  64  5:54  Supply Depot  
  64  5:57  SCV x2  
  66  5:58  Marine  
  67  6:08  SCV, Medivac  
  67  6:09  SCV x2, Medivac  
  74  6:13  Factory Tech Lab  
  74  6:15  Marine x2  
  74  6:16  Marine x3  
  79  6:20  SCV  
  79  6:21  SCV x2  
  76  6:33  Marine x2, Barracks Tech Lab  
  76  6:35  SCV, Siege Tank  
  76  6:36  SCV x2  
  76  6:37  Barracks  
  84  6:47  Sensor Tower  
  84  6:48  Supply Depot  
  84  6:49  Supply Depot, Armory  
  84  6:50  Supply Depot  
  84  6:53  Marine x7  
  91  6:55  Medivac  
  91  6:56  Combat Shield, Medivac  
  91  6:59  Concussive Shells  
  95  7:03  Refinery x2  
  95  7:09  Siege Tank  
  95  7:10  Marine  
  95  7:11  Marine, SCV x2  
  95  7:12  SCV  
  103  7:17  Marauder x3  
  103  7:18  Marine x2  
  111  7:23  SCV x2  
  111  7:24  SCV  
  111  7:28  Marine  
  115  7:30  Supply Depot  
  115  7:32  Supply Depot  
  115  7:37  Terran Infantry Armor Level 2, Terran Infantry Weapons Level 2  
  115  7:52  Medivac x2  
  115  7:53  Marine  
  115  7:54  Marine x8  
  128  8:00  Barracks  
  128  8:02  Barracks  
  128  8:09  SCV x3  
  128  8:11  Marine  
  128  8:12  Marauder x2  
  136  8:23  Marine x6  
  142  8:29  Missile Turret, Factory  
  142  8:31  Missile Turret  
  142  8:32  Missile Turret  
  142  8:34  Marauder  
  144  8:41  Command Center  
  144  8:48  Command Center  
  144  8:50  Terran Vehicle Weapons Level 1  
  144  8:57  Marine x3  
  144  8:58  Marine x2  
  144  8:59  Barracks Reactor  
  144  9:00  Barracks Tech Lab  
  144  9:02  Supply Depot  
  149  9:04  Marine x4  
  149  9:06  Supply Depot x2  
  151  9:23  Marauder  
  152  9:32  Marine  
  152  9:33  Marine x8  
  152  9:34  Siege Tank  
  152  9:36  Factory Reactor  
  164  9:44  Marine  
  164  9:50  Marine x2  
  164  9:51  Marauder x2  
  170  9:56  Supply Depot x3  
  170  9:57  Supply Depot  
  170  10:01  SCV x3  
  170  10:06  Siege Tank  
  176  10:13  SCV x3  
  179  10:16  Missile Turret  
  179  10:19  Missile Turret  
  179  10:20  Missile Turret  
  179  10:24  Widow Mine x2  
  179  10:25  SCV  
  179  10:26  SCV x2  
  177  10:40  Marine x6  
  177  10:41  Marine x6  
  168  10:58  Marine x11  
  168  10:59  Marauder  
  181  11:16  Marine x5  
  181  11:17  Marauder x3  
  188  11:39  Marine  
  188  11:40  Marine x11  
  199  11:52  Command Center  
  199  11:55  Command Center  
  199  11:56  Command Center  
Show
View Real Time Build Order
Export as new Build Order

ManlyManMeat Zerg 

Build Orders: Hatch First 

Get SALT Encoding   

  12  0:01  Drone  
  13  0:08  Drone  
  14  0:15  Drone, Extractor  
  15  0:22  Overlord  
  15  0:40  Drone  
  16  0:47  Hatchery  
  15  0:50  Drone  
  15  0:54  Drone  
  17  0:57  Drone  
  18  1:09  Extractor  
  17  1:14  Spawning Pool  
  17  1:16  Drone  
  17  1:20  Drone  
  18  1:28  Drone  
  19  1:38  Drone  
  20  2:00  Queen x2  
  24  2:01  Zergling x4  
  24  2:04  Overlord  
  26  2:35  Drone x3  
  29  2:41  Drone  
  29  2:49  Overlord  
  29  2:53  Hatchery  
  29  2:54  Metabolic Boost  
  28  2:58  Queen  
  28  2:59  Drone  
  28  3:00  Drone  
  28  3:05  Drone x2  
  34  3:14  Drone x2  
  34  3:15  Overlord  
  34  3:19  Drone x2  
  38  3:20  Drone  
  39  3:27  Drone  
  39  3:28  Drone x2  
  39  3:32  Drone, Extractor  
  42  3:44  Queen  
  42  3:46  Drone x4  
  42  3:47  Drone x2  
  50  3:53  Zergling x2  
  50  3:54  Zergling x2, Overlord  
  51  4:08  Overlord x2  
  51  4:16  Zergling x6  
  55  4:17  Zergling x2, Queen  
  57  4:26  Spore Crawler  
  57  4:27  Spore Crawler  
  57  4:30  Queen  
  57  4:33  Zergling x8  
  61  4:51  Spore Crawler  
  60  4:53  Extractor  
  60  4:54  Extractor  
  60  4:55  Lair  
  58  5:01  Queen  
  58  5:03  Drone x3  
  58  5:04  Drone x3  
  58  5:05  Drone x3  
  69  5:20  Drone x3  
  72  5:22  Roach Warren  
  71  5:36  Drone x2, Overlord  
  71  5:37  Overlord x4  
  73  5:47  Baneling Nest  
  72  5:59  Overseer  
  72  6:09  Spire  
  72  6:10  Drone x6, Extractor  
  76  6:11  Extractor  
  71  6:32  Roach x5  
  83  6:33  Roach  
  83  6:37  Drone  
  83  6:38  Drone x3  
  87  6:41  Drone x2  
  89  6:47  Hatchery  
  88  6:55  Glial Reconstitution  
  88  6:56  Hatchery  
  88  6:57  Drone x2  
  89  7:03  Spore Crawler  
  89  7:04  Spore Crawler  
  89  7:05  Spore Crawler  
  89  7:06  Drone x5  
  91  7:11  Overseer  
  91  7:12  Pneumatized Carapace  
  91  7:16  Centrifugal Hooks  
  91  7:17  Zergling x6  
  94  7:37  Mutalisk x7  
  108  7:44  Drone  
  108  7:45  Drone, Evolution Chamber  
  108  7:47  Drone x2  
  108  7:48  Drone  
  110  8:20  Zergling x26  
  110  8:25  Baneling x9  
  123  8:28  Zerg Melee Weapons Level 1  
  123  8:30  Infestation Pit  
  123  8:34  Evolution Chamber  
  121  8:36  Overlord x2  
  121  8:37  Overlord x2  
  121  8:53  Overlord x2  
  121  8:54  Overlord  
  121  9:00  Zerg Ground Armor Level 1  
  121  9:06  Hive  
  118  9:32  Drone x4  
  118  9:37  Overseer  
  122  9:46  Zergling x2, Infestor  
  122  9:47  Zergling x2, Infestor x2  
  130  10:11  Drone x4  
  134  10:14  Extractor  
  134  10:15  Extractor  
  132  10:23  Hatchery  
  132  10:25  Ultralisk Cavern  
  130  10:29  Zergling x38  
  141  10:39  Zergling x12  
  141  10:40  Zergling x24  
  141  10:42  Hatchery  
  87  10:57  Zergling x10  
  87  10:58  Zergling x16  
  87  11:01  Baneling x14  
  87  11:03  Zergling x2  
  88  11:13  Ultralisk  
  90  11:22  Ultralisk  
  90  11:25  Ultralisk x2  
Tags
 
Add a new tag
Caveats
  • Supply blocks, unpowered buildings, or Contaminate may cause inaccurate times.
  • Supply counts are checked every 10 seconds.